 Dungeon Crawl Stone Soup version 0.22.1-2-g9c5b331 (webtiles) character file.

116 WarriorsX the Skirmisher (level 5, 0/66 HPs)
             Began as a Human Berserker on Dec 12, 2018.
             Was a Believer of Trog.
             Slain by a gnoll
             ... wielding a +0 spear
              (1 damage)
             ... on level 4 of the Dungeon.
             The game lasted 00:05:59 (2056 turns).

WarriorsX the Skirmisher (Human Berserker)          Turns: 2056, Time: 00:06:00

Health: 0/66       AC:  8    Str: 23    XL:     5   Next: 21%
Magic:  5/5        EV:  9    Int:  7    God:    Trog [**....]
Gold:   128        SH:  0    Dex: 13    Spells: 4/4 levels left

rFire    . . .     SeeInvis .   a - +0 hand axe
rCold    . . .     Gourm    .   (no shield)
rNeg     . . .     Faith    .   h - +0 chain mail
rPois    .         Spirit   .   (no helmet)
rElec    .         Reflect  .   (no cloak)
rCorr    .         Harm     .   (no gloves)
MR       .....                  (no boots)
Stlth    ..........             (no amulet)
HPRegen  0.21/turn              (no ring)
MPRegen  0.09/turn              (no ring)

@: berserking, lethally poisoned (0 -> -4), very quick
A: no striking features
a: Berserk, Trog's Hand, Renounce Religion


You were on level 4 of the Dungeon.
You worshipped Trog.
Trog was pleased with you.
You were near starving.

You visited 1 branch of the dungeon, and saw 3 of its levels.

You collected 128 gold pieces.

Inventory:

Hand Weapons
 a - a +0 hand axe (weapon)
 l - the +4 hand axe of Abuse {freeze, +Fly rElec SInv, unknown}
   (You found it on level 4 of the Dungeon)

   It has been specially enchanted to freeze those struck by it, causing extra
   injury to most foes and up to half again as much damage against particularly
   susceptible opponents.
   It can also slow down cold-blooded creatures.
   It insulates you from electricity.
   It lets you see invisible.
   It lets you fly.
Armour
 h - a +0 chain mail (worn)
Scrolls
 f - 2 scrolls of teleportation {unknown}
 g - a scroll of identify {unknown}
 i - a scroll of blinking {unknown}
 j - a scroll of remove curse {unknown}
 k - a scroll of magic mapping {unknown}
Potions
 b - a potion of brilliance {unknown}
 d - 2 potions of degeneration {unknown}
Comestibles
 c - 6 rations


   Skills:
 - Level 5.3 Fighting
 - Level 3.0 Axes
 - Level 2.0 Armour
 + Level 2.3 Dodging


You had 4 spell levels left.
You didn't know any spells.
Your spell library was empty.

Dungeon Overview and Level Annotations

Branches:
Dungeon (2/15)

Altars:
Okawaru
Vehumet


Message History

Your library has no spells.
You feel better. The worker ant bites you.
* * * LOW HITPOINT WARNING * * *
The worker ant bites you.
* * * LOW HITPOINT WARNING * * *
The worker ant bites you.
* * * LOW HITPOINT WARNING * * *
You are lethally poisoned!
The worker ant poisons you!
A red film seems to cover your vision as you go berserk!
You feel yourself moving faster!
You feel mighty!
You are near starving!
* * * LOW HITPOINT WARNING * * *
You feel sick.
The worker ant bites you but does no damage.
You feel a strong urge to attack something.
* * * LOW HITPOINT WARNING * * *
You feel sick.
The gnoll hits you from afar with a spear.
You die...

. #.# #.#...# . . ...
......# .. . #.# #.#...#
###. .###.# #.#...# ...
.# ..##.#
#.##..#####.####.#
#.##.###................#
..................# .....
...............a@###...##
##...######.#.g.........#
###..######.#a.#.).).#..
......g.ga.g..##.._..#
####g######g#..#...).#...
...g..a...g..............
....g.g..........###...#.
.............#....# ..##
.............###.....##


You could see a gnoll shaman, 2 worker ants and 3 gnolls.

Vanquished Creatures
  Jessica (D:2)
  3 adders (D:2)
  A worm (D:2)
  A dart slug (D:2)
  2 leopard geckos
  A ball python (D:2)
  6 bats
  7 giant cockroaches
  5 goblins
  7 hobgoblins
  4 jackals (D:2)
  7 kobolds
  3 frilled lizards
  6 rats
54 creatures vanquished.

Notes
Turn   | Place    | Note
-------+----------+-------------------------------------------
     0 | D:1      | WarriorsX the Human Berserker began the quest for the Orb.
     0 | D:1      | Reached XP level 1. HP: 18/18 MP: 1/1
   101 | D:1      | Reached XP level 2. HP: 24/24 MP: 2/2
   399 | D:1      | HP: 1/37 [hobgoblin (3)]
   752 | D:1      | Reached skill level 4 in Fighting
   752 | D:1      | Reached XP level 3. HP: 30/30 MP: 3/3
   903 | D:1      | Reached ** piety under Trog
  1277 | D:2      | Noticed Jessica
  1283 | D:2      | Killed Jessica
  1283 | D:2      | Reached XP level 4. HP: 38/38 MP: 4/4
  1287 | D:2      | Reached skill level 5 in Fighting
  1772 | D:2      | Reached XP level 5. HP: 42/44 MP: 5/5
  1946 | D:2      | Found a radiant altar of Vehumet.
  1966 | D:2      | You fall through a shaft for 2 floors!
  2010 | D:4      | Found an iron altar of Okawaru.
  2021 | D:4      | Got a shimmering hand axe
  2054 | D:4      | HP: 2/44 [worker ant (2)]
  2056 | D:4      | Slain by a gnoll

Skill      XL: |  1  2  3  4 |
---------------+-------------+-----
Fighting       | 4 5 |  5.3
Axes           | |  3.0
Armour         | |  2.0
Dodging        | |  2.3

Action                   |  1- 3 |  4- 6 || total
-------------------------+-------+-------++-------
Melee: Hand axe          |   131 |    87 ||   218
Invok: Berserk           |     2 |     1 ||     3
  Use: Potion            |       |     3 ||     3
  Eat: Chunk             |     2 |     3 ||     5
Armor: Animal skin       |    17 |       ||    17
       Chain mail        |    50 |    93 ||   143
Dodge: Dodged            |    83 |    62 ||   145
